Map: Nightshade LE

Players

SortOf - Winner!

  • Race: Zerg Zerg
  • Spawn Location: 11:00

goblin

  • Race: Protoss Protoss
  • League: Master
  • Spawn Location: 5:00

Event: StayAtHomestory Cup #1

VOD

Have the link to the VOD?

Description

Time

  • Played on: April 11, 2020, 7:52 a.m.
  • Length: 11:23

All games in this series

Show
View Real Time Build Order
Export as new Build Order

SortOf Zerg - Winner!

Build Orders: Hatch First 

Get SALT Encoding   

  12  0:01  Drone  
  13  0:13  Overlord  
  13  0:17  Drone  
  14  0:32  Drone x2  
  16  0:39  Drone  
  17  0:47  Drone  
  18  0:59  Hatchery  
  18  1:00  Drone  
  18  1:02  Extractor  
  17  1:18  Drone  
  18  1:19  Spawning Pool  
  18  1:22  Drone  
  18  1:29  Drone  
  20  1:47  Overlord  
  20  1:57  Hatchery  
  19  2:02  Drone  
  19  2:05  Queen  
  19  2:06  Zergling x2  
  19  2:07  Metabolic Boost  
  23  2:18  Zergling x2  
  24  2:29  Hatchery  
  23  2:36  Drone x2  
  25  2:43  Queen  
  27  2:48  Drone  
  28  2:56  Overlord  
  28  3:04  Spore Crawler  
  27  3:07  Drone  
  28  3:13  Queen  
  28  3:14  Drone  
  28  3:15  Drone  
  28  3:18  Drone  
  34  3:20  Drone  
  34  3:25  Drone x2  
  36  3:33  Overlord  
  36  3:36  Queen  
  36  3:40  Zergling x2  
  39  3:42  Drone  
  39  3:44  Drone  
  39  3:46  Drone  
  42  3:49  Spore Crawler  
  42  3:51  Drone  
  42  3:53  Drone  
  42  3:55  Drone  
  44  3:57  Drone  
  44  3:59  Drone  
  46  4:04  Queen  
  46  4:07  Drone  
  49  4:11  Drone x2  
  51  4:17  Evolution Chamber  
  51  4:19  Queen  
  51  4:21  Drone x2  
  54  4:26  Spore Crawler, Overlord  
  53  4:32  Drone x2  
  53  4:33  Drone  
  53  4:37  Drone x2  
  58  4:41  Overlord  
  58  4:44  Zerg Melee Weapons Level 1, Overlord  
  58  4:47  Drone x2  
  58  4:52  Queen  
  60  4:55  Drone x2  
  60  4:56  Drone  
  65  5:03  Overlord x2  
  65  5:04  Zergling x6  
  68  5:09  Extractor  
  68  5:12  Drone x2, Baneling Nest  
  68  5:15  Spore Crawler  
  68  5:16  Zergling x4  
  68  5:19  Drone x3  
  72  5:24  Drone x2  
  72  5:25  Drone x2  
  76  5:30  Zergling x8  
  76  5:32  Overlord  
  79  5:36  Zergling x6  
  79  5:40  Queen  
  84  5:43  Spore Crawler  
  81  5:50  Hatchery  
  81  5:55  Drone  
  81  5:56  Drone  
  81  5:57  Drone x2  
  84  5:59  Lair  
  84  6:01  Drone  
  84  6:02  Drone  
  86  6:06  Drone x3  
  86  6:08  Drone x2  
  91  6:14  Drone  
  85  6:20  Zergling x12  
  85  6:25  Extractor, Roach Warren  
  88  6:27  Spore Crawler, Drone x3  
  88  6:33  Spore Crawler  
  88  6:37  Zergling x14, Extractor  
  93  6:43  Drone x2  
  93  6:44  Queen  
  93  6:46  Overlord  
  97  6:47  Extractor  
  95  6:55  Overlord  
  95  6:56  Drone x2  
  97  7:03  Drone x7  
  97  7:05  Zerg Melee Weapons Level 2  
  97  7:08  Hydralisk Den  
  102  7:12  Drone x4  
  105  7:16  Drone x3  
  105  7:22  Overlord  
  107  7:29  Zergling x12  
  104  7:38  Drone x9  
  104  7:39  Extractor  
  104  7:41  Baneling x4  
  104  7:44  Muscular Augments  
  112  7:48  Extractor, Hydralisk x4  
  119  7:52  Extractor  
  119  7:56  Overlord  
  118  7:59  Overlord  
  118  8:00  Hydralisk  
  118  8:01  Hydralisk x4  
  128  8:07  Overlord  
  125  8:14  Hydralisk  
  125  8:15  Hydralisk x5  
  134  8:28  Hydralisk x4  
  134  8:29  Overlord  
  134  8:30  Zergling x2  
  134  8:32  Hydralisk  
  134  8:33  Zergling x6, Hydralisk  
  150  8:36  Overseer  
  150  8:39  Overlord  
  150  8:47  Overlord  
  150  8:48  Hydralisk x2  
  150  8:53  Hatchery, Hydralisk x3  
  150  8:55  Grooved Spines  
  159  8:57  Overseer, Overlord  
  159  8:59  Zergling x6  
  162  9:07  Zergling x14  
  162  9:08  Zergling x2  
  166  9:15  Baneling  
  166  9:16  Baneling x14  
  166  9:19  Overseer x2, Overlord  
  166  9:22  Zergling x4  
  168  9:31  Zergling x6  
  168  9:36  Centrifical Hooks  
  168  9:44  Zergling x14  
  167  9:49  Zergling x12  
  167  9:52  Zergling x6  
  168  9:59  Zergling x8  
  161  10:09  Baneling x6  
  161  10:10  Baneling x13  
  161  10:11  Queen  
  161  10:12  Queen  
  161  10:15  Zergling x8  
  161  10:17  Zergling x4  
  161  10:18  Baneling x9  
  163  10:22  Baneling x7  
  161  10:28  Zergling x2  
  158  10:38  Zergling x16  
  158  10:39  Zergling x8  
  157  10:48  Hydralisk  
  157  10:49  Hydralisk x2  
  151  10:50  Hydralisk x4  
Show
View Real Time Build Order
Export as new Build Order

goblin Protoss 

Build Orders: Phoenix Opening, Mass Phoenix 

Get SALT Encoding   

  12  0:00  Probe  
  13  0:12  Probe  
  14  0:18  Pylon  
  14  0:24  Probe (Chrono Boost)  
  15  0:37  Probe (Chrono Boost)  
  15  0:38  Gateway  
  16  0:45  Probe (Chrono Boost)  
  16  0:46  Assimilator  
  17  0:51  Probe  
  18  1:05  Probe  
  19  1:18  Probe  
  19  1:23  Pylon  
  20  1:28  Cybernetics Core  
  20  1:49  Nexus  
  20  1:56  Probe  
  20  1:59  Assimilator  
  21  2:13  Pylon  
  21  2:15  Adept  
  23  2:31  Probe (Chrono Boost)  
  24  2:40  Probe (Chrono Boost)  
  24  2:43  Stargate  
  25  2:46  Probe  
  26  2:51  Stalker  
  29  2:58  Probe (Chrono Boost)  
  29  3:01  Probe (Chrono Boost)  
  29  3:04  Warp Gate  
  30  3:09  Probe (Chrono Boost)  
  30  3:11  Probe (Chrono Boost)  
  32  3:14  Probe (Chrono Boost)  
  32  3:16  Probe (Chrono Boost)  
  32  3:19  Gateway  
  34  3:24  Probe  
  35  3:28  Shield Battery  
  35  3:29  Phoenix  
  35  3:31  Probe (Chrono Boost)  
  39  3:41  Probe (Chrono Boost)  
  39  3:43  Probe (Chrono Boost)  
  39  3:45  Pylon  
  40  3:49  Probe (Chrono Boost)  
  40  3:50  Probe (Chrono Boost)  
  40  3:54  Assimilator  
  40  3:55  Phoenix  
  44  3:57  Probe  
  44  4:00  Assimilator  
  45  4:03  Probe  
  45  4:07  Stargate  
  45  4:09  Probe  
  47  4:11  Pylon  
  47  4:15  Probe (Chrono Boost)  
  48  4:23  Phoenix (Chrono Boost)  
  51  4:25  Probe (Chrono Boost)  
  51  4:27  Probe (Chrono Boost)  
  51  4:28  Pylon  
  52  4:35  Probe (Chrono Boost)  
  52  4:36  Probe (Chrono Boost)  
  52  4:37  Pylon  
  54  4:40  Phoenix (Chrono Boost)  
  54  4:43  Probe  
  57  4:45  Probe  
  57  4:51  Phoenix  
  60  4:58  Protoss Air Weapons Level 1  
  60  5:01  Pylon  
  60  5:03  Phoenix  
  62  5:13  Adept, Zealot  
  66  5:16  Oracle (Chrono Boost)  
  69  5:32  Phoenix (Chrono Boost)  
  71  5:37  Pylon, Nexus  
  71  5:38  Probe  
  71  5:39  Probe  
  71  5:50  Phoenix (Chrono Boost), Probe  
  71  5:51  Probe  
  71  5:54  Phoenix (Chrono Boost)  
  71  5:57  Adept, Zealot  
  79  6:02  Shield Battery  
  79  6:03  Probe  
  79  6:04  Shield Battery  
  82  6:09  Oracle (Chrono Boost)  
  85  6:14  Cybernetics Core  
  85  6:15  Gateway  
  81  6:21  Oracle (Chrono Boost)  
  81  6:25  Probe  
  83  6:26  Sentry, Zealot  
  83  6:30  Probe  
  88  6:37  Probe  
  88  6:38  Robotics Facility  
  88  6:39  Pylon  
  89  6:43  Probe (Chrono Boost)  
  90  6:48  Forge  
  90  6:50  Zealot x2  
  90  6:51  Probe (Chrono Boost)  
  96  6:54  Probe (Chrono Boost)  
  96  6:55  Phoenix  
  96  7:00  Probe x2 (Chrono Boost), Phoenix  
  102  7:03  Probe (Chrono Boost)  
  102  7:07  Probe  
  101  7:08  Probe  
  101  7:14  Robotics Facility  
  101  7:15  Probe  
  104  7:16  Assimilator  
  104  7:18  Assimilator  
  104  7:19  Probe  
  104  7:20  Probe  
  106  7:28  Adept, Zealot x2  
  106  7:32  Probe x2  
  102  7:41  Immortal (Chrono Boost)  
  102  7:42  Protoss Ground Weapons Level 1  
  107  7:46  Gateway  
  107  7:48  Pylon  
  107  7:50  Pylon  
  106  7:53  Sentry, Stalker x2  
  112  7:58  Robotics Bay  
  112  8:10  Immortal (Chrono Boost)  
  113  8:18  Probe x2  
  115  8:20  Immortal (Chrono Boost)  
  119  8:28  Probe  
  120  8:38  Twilight Council  
  120  8:41  Gateway  
  120  8:42  Gateway  
  120  8:44  Pylon  
  120  8:45  Pylon x2  
  120  8:49  Colossus (Chrono Boost)  
  120  8:51  Colossus (Chrono Boost)  
  120  8:52  Pylon  
  132  8:59  Pylon  
  132  9:03  Zealot  
  134  9:14  Fleet Beacon  
  134  9:15  Extended Thermal Lance (Chrono Boost), Blink  
  132  9:22  Photon Cannon  
  132  9:23  Photon Cannon, Shield Battery  
  132  9:26  Pylon  
  132  9:33  Stalker x2  
  132  9:34  Stalker x2  
  136  9:41  Colossus (Chrono Boost)  
  128  9:47  Stalker  
  128  9:48  Stalker  
  128  9:52  Probe x2  
  109  9:55  Probe  
  109  9:58  Stalker x2  
  111  10:04  Probe  
  111  10:05  Probe  
  113  10:07  Probe  
  113  10:12  Stalker x3  
  118  10:16  Probe  
  118  10:17  Stalker  
  120  10:31  Stalker x2  
Tags
 
Add a new tag
Caveats
  • Supply blocks, unpowered buildings, or Contaminate may cause inaccurate times.
  • Supply counts are checked every 10 seconds.